 Dungeon Crawl Stone Soup version 0.29.1-15-g9cfb28693d (webtiles) character file.

Game seed: 8978256565896684355

165 Ihaveafatcat the Covered (level 5, -2/47 HPs)
             Began as a Minotaur Fighter on Mar 30, 2023.
             Engulfed by a steam dragon's steam (8 damage)
             ... on level 3 of the Dungeon.
             The game lasted 00:03:00 (2162 turns).

Ihaveafatcat the Covered (Minotaur Fighter)         Turns: 2162, Time: 00:03:01

Health: -2/47      AC:  7    Str: 22    XL:     5   Next: 22%
Magic:  4/4        EV:  9    Int:  5    God:
Gold:   131        SH:  4    Dex: 10    Spells: 4/4 levels left

rFire   . . .      SeeInvis .   a - +0 war axe
rCold   . . .      Faith    .   c - +0 buckler
rNeg    . . .      Spirit   .   b - +0 scale mail
rPois   .          Reflect  .   (helmet restricted)
rElec   .          Harm     .   (no cloak)
rCorr   .          Rampage  .   (no gloves)
Will    .....                   (no boots)
Stlth   ..........              (no amulet)
HPRegen 0.15/turn               (no ring)
MPRegen 0.09/turn               (no ring)

@: no status effects
A: horns 2, retaliatory headbutt
a: no special abilities


You were on level 3 of the Dungeon.
You visited 1 branch of the dungeon, and saw 3 of its levels.

You collected 131 gold pieces.

Inventory:

Hand Weapons
 a - a +0 war axe (weapon)
Armour
 b - a +0 scale mail (worn)
 c - a +0 buckler (worn)
Wands
 n - a wand of charming (9)
Scrolls
 f - a scroll of blinking {unknown}
 j - a scroll of identify {unknown}
 m - 2 scrolls of butterflies {unknown}
 p - a scroll of acquirement {unknown}
Potions
 d - a potion of might
 e - a potion of attraction {unknown}
 g - a potion of haste {unknown}
 h - a potion of lignification {unknown}
 i - a potion of brilliance {unknown}
 k - a potion of magic {unknown}
 l - a potion of curing {unknown}
 o - a potion of heal wounds {unknown}


   Skills:
 + Level 4.5 Fighting
 * Level 4.5 Axes
 + Level 4.6 Armour
 + Level 4.5 Shields


You had 4 spell levels left.
You didn't know any spells.
Your spell library was empty.

Dungeon Overview and Level Annotations

Branches:
Dungeon (3/15)

Altars:
Elyvilon

Shops:
D:2 [


Innate Abilities, Weirdness & Mutations

You have a pair of horns on your head.
You reflexively headbutt those who attack you in melee.


Message History

You barely miss the steam dragon.
The steam dragon is heavily wounded.
The steam dragon bites you but does no damage.
The steam dragon closely misses you.
There are monsters nearby!
You hit the steam dragon. You headbutt the steam dragon.
The steam dragon is heavily wounded.
The steam dragon barely misses you. x2
There are monsters nearby!
You barely miss the steam dragon. Your headbutt misses the steam dragon.
The steam dragon is heavily wounded.
The steam dragon bites you. The steam dragon closely misses you.
The steam dragon breathes steam at you. The ball of steam misses you.
The orc hits you with a +0 hand axe.
You hear a shout! x3
You hit the steam dragon. Your headbutt misses the steam dragon.
The steam dragon is severely wounded.
You slash the orc!
You kill the orc!
You are engulfed in a cloud of scalding steam.
The steam dragon bites you but does no damage.
The steam dragon claws you.
You closely miss the steam dragon. You headbutt the steam dragon.
The steam dragon is severely wounded.
The steam dragon breathes steam at you. The ball of steam misses you.
You hit the steam dragon but do no damage.
The steam dragon is severely wounded.
You are engulfed in a cloud of scalding steam.
* * * LOW HITPOINT WARNING * * *
You block the steam dragon's attack. The steam dragon claws you.
* * * LOW HITPOINT WARNING * * *
An orc comes into view. It is wielding a +0 trident.
The steam dragon bites you.
* * * LOW HITPOINT WARNING * * *
The steam dragon claws you but does no damage.
You barely miss the steam dragon. Your headbutt misses the steam dragon.
The steam dragon is severely wounded.
You are engulfed in a cloud of scalding steam.
You die...

#.# #.# ## #.# #.# ...
..# #.# #'## ### #.#
#...## #.# #.....# ##.##
##.......
#########...####........
.....<.........'........
#########...####@D......
### ##.## ##)...... ..#
#.# #.....# ..# #.#
#...## ..# #.# #'## ..##
#.# o# ...# ..# # .#.#
.#.#


You could see a steam dragon and an orc.

Vanquished Creatures
  Jessica (D:2)
  Terence (D:2)
  4 adders
  A worm (D:3)
  2 dart slugs
  2 orcs (D:3)
  4 ball pythons
  2 endoplasms
  3 giant cockroaches
  8 goblins
  7 hobgoblins
  4 jackals (D:1)
  5 kobolds
  4 quokkas
  6 bats
  6 frilled lizards
  6 rats
66 creatures vanquished.

Notes
Turn   | Place    | Note
-------+----------+-------------------------------------------
     0 | D:1      | Ihaveafatcat the Minotaur Fighter began the quest for the
                  | Orb.
     0 | D:1      | Reached XP level 1. HP: 19/19 MP: 0/0
    15 | D:1      | Reached XP level 2. HP: 24/27 MP: 1/1
   376 | D:1      | Reached XP level 3. HP: 33/33 MP: 2/2
   632 | D:2      | Found Difakiq's Antique Armour Shoppe.
   640 | D:2      | Noticed Terence
   646 | D:2      | Killed Terence
   647 | D:2      | Reached XP level 4. HP: 32/40 MP: 3/3
   745 | D:2      | Noticed Jessica
   763 | D:2      | Killed Jessica
  1175 | D:2      | Identified the +1 ring mail "Gelogeari" {*Slow rN+ Int+2
                  | Dex+7}
  1289 | D:3      | Reached XP level 5. HP: 47/47 MP: 4/4
  1747 | D:3      | Found a white marble altar of Elyvilon.
  2148 | D:3      | Noticed a steam dragon
  2162 | D:3      | Engulfed by a steam dragon's steam

Illustrated notes

Levels and vault maps discovered:
D:1:      co_arrival_two_rings, layout_rooms, serial_corexii_hall,
          corexii_hall_statues_x, chequers_hall_statues_corner_a
D:2:      layout_basic, serial_shops,
          nicolae_shop_temple_entry_statues_fountains, grunt_ministairs_2,
          chequers_jeans, kennysheep_generic_room_14, uniq_terence, uniq_jessica
D:3:      minmay_razor_zed, layout_loops_corners, lemuel_crystal_altar,
          minmay_stone_trees_small

Skill      XL: |  1  2  3  4 |
---------------+-------------+-----
Axes           | 3 4 |  4.5
Armour         | 4 |  4.6
Fighting       | 4 |  4.5
Shields        | 4 |  4.5

Action                   |  1- 3 |  4- 6 || total
-------------------------+-------+-------++-------
Melee: War axe           |    58 |    70 ||   128
       Headbutt          |     5 |    12 ||    17
Armor: Scale mail        |    34 |    32 ||    66
Dodge: Dodged            |    39 |    36 ||    75
Block: Buckler           |    16 |    13 ||    29
